Map: Ruins of Seras

Players

capac - Winner!

  • Race: Terran Terran
  • League: Gold

Nicusor

  • Race: Protoss Protoss
  • League: Silver

VOD

Have the link to the VOD?

Description

Time

  • Played on: March 2, 2016, 3:45 p.m.
  • Length: 22:16
Show
View Real Time Build Order
Export as new Build Order

capac Terran - Winner!

Build Orders: Bio Tank 

Get SALT Encoding   

  12  0:00  SCV  
  13  0:12  SCV  
  14  0:18  Supply Depot  
  14  0:26  SCV  
  15  0:40  SCV  
  16  0:43  Barracks  
  16  0:52  SCV  
  16  0:55  Refinery  
  17  1:06  SCV  
  18  1:18  Supply Depot  
  18  1:29  SCV  
  19  1:42  Barracks Reactor  
  19  1:53  SCV, Command Center  
  20  2:05  Orbital Command  
  20  2:22  Marine x2  
  22  2:24  Barracks  
  22  2:41  SCV  
  23  2:45  Marine x2  
  23  2:50  Refinery  
  25  2:53  SCV  
  26  3:02  Bunker  
  27  3:05  SCV  
  27  3:09  Marine  
  27  3:10  Marine  
  29  3:18  Barracks Tech Lab  
  29  3:20  Factory  
  29  3:26  SCV  
  30  3:33  Marine x2  
  32  3:39  Marine  
  33  3:46  Stimpack  
  33  3:50  SCV  
  33  3:52  Orbital Command  
  33  3:53  Marine  
  33  3:54  Marine  
  36  4:01  Supply Depot  
  36  4:06  Engineering Bay  
  36  4:09  Factory Tech Lab  
  36  4:15  SCV  
  37  4:22  SCV  
  38  4:24  Marine x2  
  38  4:25  Marine  
  38  4:28  SCV  
  42  4:34  Starport, SCV  
  42  4:38  Supply Depot  
  43  4:40  SCV  
  44  4:49  Marine x3  
  47  4:55  Siege Tank  
  50  5:02  Missile Turret  
  50  5:03  SCV  
  50  5:06  SCV  
  52  5:07  Marine  
  53  5:23  Marine, Missile Turret  
  53  5:24  Marine  
  55  5:29  Marine, Siege Tank  
  55  5:33  SCV x2  
  61  5:44  Marine  
  61  5:47  Starport Reactor  
  61  5:49  Terran Infantry Weapons Level 1  
  62  5:50  Supply Depot  
  62  5:59  Marine x2, Combat Shields  
  62  6:00  Supply Depot  
  62  6:03  Siege Tank  
  67  6:07  SCV x2  
  69  6:12  Supply Depot  
  69  6:19  Missile Turret  
  69  6:30  Refinery, SCV x2  
  69  6:31  Refinery  
  71  6:34  Marine x3  
  71  6:35  Siege Tank  
  77  6:41  Medivac x2  
  81  6:52  Missile Turret, SCV x2  
  83  6:58  Marine x2  
  83  6:59  Marine  
  86  7:03  Supply Depot  
  86  7:09  SCV  
  86  7:10  SCV  
  88  7:15  Marine  
  88  7:16  Marine  
  88  7:17  Marine  
  88  7:21  SCV  
  88  7:22  SCV  
  93  7:34  Marine, SCV x2  
  93  7:35  Marine x2  
  98  7:38  Siege Tank  
  101  7:47  Supply Depot, Terran Infantry Armor Level 1, Medivac x2  
  105  7:59  Barracks  
  105  8:02  Barracks, SCV x2  
  107  8:06  Marine x2  
  107  8:07  Marine  
  107  8:12  Siege Tank  
  113  8:17  Medivac  
  113  8:19  Medivac  
  117  8:30  Supply Depot  
  117  8:41  Marine  
  117  8:42  Marine  
  117  8:43  Marine, Command Center  
  117  8:48  Siege Tank  
  123  9:04  Liberator x2  
  123  9:14  Barracks Reactor  
  123  9:16  Barracks  
  123  9:18  Barracks Reactor  
  123  9:23  Supply Depot  
  123  9:24  Marine x3  
  132  9:41  Marine  
  132  9:42  Marine  
  132  9:44  Supply Depot, Marine, Siege Tank  
  138  9:53  Liberator  
  138  9:59  Marine  
  142  10:16  Missile Turret  
  142  10:17  Siege Tank  
  113  11:14  Liberator x2  
  98  11:28  Marine x6  
  98  11:29  Marine x2  
  98  11:30  Siege Tank  
  115  11:38  Orbital Command  
  115  11:41  Starport, Command Center  
  115  11:45  Marine  
  116  12:00  Liberator x2  
  116  12:04  Marine x3  
  116  12:05  Marine x3  
  116  12:07  Barracks Reactor  
  122  12:11  SCV  
  122  12:12  Supply Depot, SCV  
  124  12:18  Marine  
  124  12:22  Marine x4  
  133  12:23  Marine x2  
  137  12:35  Starport Reactor  
  137  12:36  Marine  
  138  12:40  Marine x6  
  144  12:48  Marine x2  
  146  12:52  Armory  
  146  12:54  Marine  
  146  12:55  Factory  
  146  12:56  Siege Tank  
  146  12:57  Marine  
  146  12:58  Marine x2  
  153  13:15  SCV  
  153  13:16  SCV x2  
  153  13:18  Refinery  
  156  13:20  Refinery  
  156  13:28  SCV  
  157  13:47  Liberator x2  
  157  13:48  Liberator x2  
  157  13:50  Marine  
  157  13:51  Marine x6  
  157  13:52  Marine  
  165  13:58  SCV x2  
  178  14:30  Siege Tank  
  181  14:32  Factory Tech Lab  
  181  14:34  Liberator  
  181  14:35  Liberator  
  181  14:36  Terran Ship Weapons Level 1  
  181  14:37  Supply Depot  
  181  14:38  Armory  
  181  14:39  Terran Infantry Weapons Level 2  
  181  14:41  Engineering Bay, Liberator  
  181  14:42  Liberator  
  181  14:48  Planetary Fortress  
  102  16:01  Marine x5  
  102  16:02  Marine x4, Liberator x2  
  102  16:03  Liberator x2  
  109  16:22  Marine x2  
  109  16:23  Marine x5  
  128  16:58  Terran Infantry Armor Level 2  
  128  16:59  Marine x3, Terran Infantry Weapons Level 3  
  128  17:00  Marine x5  
  136  17:02  SCV  
  137  17:21  Marine x3  
  137  17:22  Marine x6  
  145  17:24  Liberator  
  145  17:25  Liberator x3  
  146  17:38  Siege Tank x2  
  146  17:39  Marine x4  
  146  17:40  Marine x3  
  169  18:10  Marine x5  
  169  18:11  Marine x3  
  177  18:28  Marine  
  177  18:29  Marine x6  
  177  18:30  Marine  
  185  18:34  Supply Depot  
  185  18:36  Terran Ship Weapons Level 2  
  185  18:39  Terran Vehicle And Ship Armor Level 1  
  185  18:50  Marine x3  
  188  19:07  Command Center  
  147  19:31  Marine x2  
  147  19:32  Marine x3  
  147  19:35  Liberator x2  
  147  19:36  Liberator x2  
  152  19:38  Marine x3  
  152  19:39  Marine  
  156  19:49  Marine  
  166  20:00  Marine x5  
  166  20:01  Marine x3  
  174  20:07  Marine  
  175  20:18  Marine x6  
  175  20:19  Marine x2  
  182  20:25  Marine  
  165  20:45  Marine x5  
  165  20:46  Marine x4  
  174  20:54  Medivac x4  
Show
View Real Time Build Order
Export as new Build Order

Nicusor Protoss 

Build Orders:  

Get SALT Encoding   

  12  0:02  Probe (Chrono Boost)  
  13  0:13  Probe (Chrono Boost)  
  14  0:23  Probe (Chrono Boost)  
  14  0:25  Pylon  
  15  0:43  Probe (Chrono Boost)  
  15  0:48  Gateway  
  16  0:54  Probe (Chrono Boost)  
  17  1:00  Assimilator  
  17  1:04  Probe (Chrono Boost)  
  18  1:15  Probe (Chrono Boost)  
  19  1:26  Probe (Chrono Boost)  
  20  1:35  Cybernetics Core  
  20  1:37  Probe (Chrono Boost)  
  21  1:48  Probe (Chrono Boost)  
  21  1:50  Assimilator  
  22  1:58  Probe (Chrono Boost)  
  22  2:00  Pylon  
  23  2:13  Warp Gate  
  23  2:18  Adept  
  23  2:19  Probe (Chrono Boost)  
  28  2:30  Mothership Core (Chrono Boost)  
  28  2:47  Probe (Chrono Boost), Adept (Chrono Boost)  
  31  3:06  Pylon  
  31  3:07  Pylon  
  31  3:24  Probe (Chrono Boost)  
  31  3:25  Nexus  
  32  3:27  Pylon  
  32  3:35  Probe (Chrono Boost)  
  33  3:45  Probe (Chrono Boost)  
  34  3:53  Gateway  
  34  3:55  Gateway x2  
  34  4:02  Probe (Chrono Boost), Robotics Facility  
  35  4:12  Probe (Chrono Boost)  
  36  4:23  Probe (Chrono Boost)  
  37  4:33  Probe (Chrono Boost)  
  38  4:49  Assimilator  
  38  4:51  Probe x2 (Chrono Boost)  
  40  4:53  Adept x4  
  40  4:54  Assimilator  
  48  5:00  Observer (Chrono Boost)  
  48  5:01  Probe  
  48  5:02  Probe  
  51  5:12  Probe  
  52  5:15  Probe  
  52  5:19  Observer (Chrono Boost)  
  54  5:27  Stalker x3  
  54  5:28  Stalker  
  62  5:32  Probe  
  62  5:34  Probe  
  64  5:43  Probe, Twilight Council  
  64  5:44  Observer (Chrono Boost)  
  64  5:46  Probe  
  67  5:53  Probe  
  68  5:58  Probe  
  68  6:03  Pylon  
  68  6:04  Pylon  
  69  6:05  Pylon  
  69  6:27  Probe  
  69  6:28  Probe  
  71  6:33  Nexus  
  71  6:34  Pylon  
  71  6:36  Pylon  
  71  6:45  Resonating Glaives (Chrono Boost)  
  71  6:46  Adept x4  
  79  6:48  Immortal (Chrono Boost)  
  83  7:00  Probe  
  83  7:02  Probe  
  85  7:21  Immortal  
  85  7:23  Gateway  
  85  7:25  Gateway  
  85  7:27  Gateway x2  
  85  7:29  Gateway  
  89  7:42  Zealot x4  
  97  7:49  Probe  
  97  7:50  Probe  
  99  7:56  Immortal  
  103  8:08  Probe  
  103  8:10  Probe  
  105  8:18  Probe  
  105  8:19  Probe  
  106  8:20  Assimilator x2  
  107  8:27  Blink (Chrono Boost)  
  107  8:28  Zealot  
  107  8:29  Zealot x5  
  119  8:35  Immortal (Chrono Boost)  
  123  9:13  Warp Prism (Chrono Boost)  
  123  9:16  Forge  
  125  9:18  Forge  
  125  9:19  Pylon  
  125  9:20  Pylon  
  125  9:22  Pylon  
  125  9:24  Pylon  
  125  9:45  Immortal (Chrono Boost)  
  129  9:59  Probe  
  130  10:05  Nexus  
  130  10:06  Sentry x6  
  130  10:07  Sentry, Pylon  
  144  10:10  Pylon  
  144  10:14  Robotics Bay  
  144  10:15  Protoss Ground Weapons Level 1 (Chrono Boost)  
  144  10:16  Protoss Ground Armor Level 1 (Chrono Boost)  
  138  10:43  Zealot x2  
  138  10:44  Zealot x7  
  156  10:53  Immortal  
  118  11:14  Zealot x3  
  118  11:15  Zealot x6  
  122  11:27  Charge  
  122  11:32  Warp Prism (Chrono Boost)  
  124  11:39  Probe x2  
  126  12:02  Colossus  
  132  12:10  Protoss Ground Armor Level 2 (Chrono Boost)  
  132  12:13  Protoss Ground Weapons Level 2 (Chrono Boost)  
  132  12:19  Extended Thermal Lance (Chrono Boost)  
  131  12:47  Stalker  
  131  12:48  Colossus, Stalker x5  
  131  12:49  Stalker x3  
  155  13:06  Templar Archives  
  155  13:37  Stalker x5  
  155  13:38  Colossus, Stalker x2  
  155  13:39  Zealot  
  155  13:40  Zealot  
  179  14:15  High Templar x3  
  179  14:16  High Templar  
  187  14:24  Protoss Ground Armor Level 3 (Chrono Boost), Protoss Ground Weapons Level 3 (Chrono Boost)  
  187  14:40  Pylon x2  
  187  14:42  Pylon  
  187  14:44  Pylon  
  187  14:47  Pylon  
  187  14:49  Pylon  
  187  14:50  Colossus  
  187  14:51  Archon, Gateway  
  187  14:52  Gateway  
  187  14:57  Gateway  
  187  14:58  High Templar x2  
  187  14:59  High Templar  
  199  15:05  Archon  
  199  15:15  Archon  
  189  15:37  Colossus  
  130  15:52  Zealot x7  
  130  15:53  Zealot x2  
  116  16:26  Disruptor  
  106  16:40  Robotics Facility  
  102  16:49  Nexus  
  102  16:57  Disruptor  
  102  16:58  High Templar x3  
  102  16:59  High Templar, Nexus  
  102  17:00  High Templar x2  
  102  17:01  High Templar x2  
  116  17:05  Archon x4  
  121  17:14  Psionic Storm  
  121  17:27  Zealot  
  121  17:28  Disruptor  
  126  17:43  Assimilator  
  126  17:47  Assimilator  
  126  17:59  Disruptor  
  126  18:00  Disruptor  
  130  18:19  Protoss Shields Level 1 (Chrono Boost)  
  130  18:30  Disruptor  
  130  18:31  Disruptor  
  136  19:00  Zealot x4  
  136  19:01  Disruptor, Zealot x5  
  154  19:04  Zealot x3  
  88  19:28  Stalker x2  
  88  19:29  Stalker x5  
  88  19:30  Stalker  
  76  19:33  Stalker x4  
  84  19:41  Disruptor x2  
  88  20:01  Photon Cannon x2  
  88  20:10  High Templar x2  
  88  20:11  High Templar x4  
  41  20:44  Stalker x3  
  41  20:45  Stalker x3  
  50  20:51  Zealot x3  
  50  20:52  Zealot x3  
  60  21:11  Stalker  
  60  21:12  Stalker  
  60  21:16  Zealot x4  
  60  21:17  Zealot x2  
  48  21:48  Zealot x4  
Tags
 
Add a new tag
Caveats
  • Supply blocks, unpowered buildings, or Contaminate may cause inaccurate times.
  • Supply counts are checked every 10 seconds.